 Dungeon Crawl Stone Soup version 0.29-a0-334-gb41bcbb86e (webtiles) character file.

Game seed: 16146718156806471000

5527 spaghetti the Contemplative (level 10, -7/87 HPs)
             Began as a Deep Dwarf Transmuter on Apr 15, 2022.
             Was a Priest of Cheibriados.
             Mangled by a sun demon (17 damage)
             ... summoned by a kobold demonologist
             ... on level 9 of the Dungeon.
             The game lasted 00:24:31 (10661 turns).

spaghetti the Contemplative (DDTm)                 Turns: 10661, Time: 00:24:31

Health: -7/87      AC: 10    Str: 18 (19) XL:     10   Next: 43%
Magic:  5/16       EV: 26    Int: 20 (25) God:    Cheibriados [***...]
Gold:   486        SH:  0    Dex: 25 (26) Spells: 5/15 levels left

rFire   . . .      SeeInvis .     - Unarmed
rCold   . . .      Faith    .   (shield currently unavailable)
rNeg    . . .      Spirit   .   (body armour currently unavailable)
rPois   x          Reflect  .   (helmet currently unavailable)
rElec   .          Harm     .   (cloak currently unavailable)
rCorr   .          Rampage  .   (gloves currently unavailable)
Will    +....                   (boots currently unavailable)
Stlth   ++........              a - amulet of the acrobat
HPRegen 0.00/turn               C - +4 ring of protection
MPRegen 0.15/turn               d - +4 ring of protection

@: spider-form (expiring), wereblooded, very slow
A: venomous fangs, damage resistance, heal wounds, tiny, sense surroundings 2,
no regeneration, (iridescent scales 1), dopey 1, (poison resistance), weak 1
a: Heal Wounds, End Transformation, Renounce Religion, Bend Time, Temporal
Distortion


You were on level 9 of the Dungeon.
You worshipped Cheibriados.
Cheibriados was most pleased with you.
You were a venomous arachnid creature.
You visited 1 branch of the dungeon, and saw 9 of its levels.

You collected 486 gold pieces.


Innate Abilities, Weirdness & Mutations

You are a venomous arachnid creature.
You have poisonous fangs.
You are tiny and dextrous.
Your spellcasting is less reliable in this form.
Your armour is entirely melded.
You are incapable of wielding weapons or throwing items.
You are resistant to damage.
You can heal yourself by infusing magical energy.
You passively map the area around you.
You do not regenerate.
((You are partially covered in iridescent scales. (AC +2)))
You are dopey. (Int -2)
((Your system is resistant to poisons. (rPois)))
You are weak. (Str -2)


   Skills:
 + Level 4.5 Fighting
 + Level 6.1 Dodging
 * Level 7.3 Unarmed Combat
 - Level 3.0 Spellcasting
 * Level 7.4 Transmutations
 + Level 1.2 Ice Magic
 - Level 3.7 Poison Magic
 * Level 8.2 Invocations


You had 5 spell levels left.
You knew the following spells:

 Your Spells              Type           Power      Damage    Failure   Level
a - Beastly Appendage     Tmut           64%        N/A       4%          1
b - Wereblood             Tmut           32%        N/A       5%          2
c - Spider Form           Tmut/Pois      25%        N/A       13%         3
d - Ice Form              Ice/Tmut       20%        N/A       45%         4

Your spell library contained the following spells:

 Spells                   Type           Power      Damage    Failure   Level
 Ensorcelled Hibernation  Hex/Ice        10%        N/A       36%         2
 Blade Hands              Tmut           16%        N/A       38%         5
 Frozen Ramparts          Ice            14%        1d3       47%         3
 Dazzling Flash           Conj/Hex       6%         N/A       61%         3
 Portal Projectile        Hex/Tloc       6%         N/A       61%         3
 Summon Ice Beast         Ice/Summ       5%         N/A       88%         4
 Anguish                  Hex/Necr       1%         N/A       92%         4
 Animate Armour           Summ/Erth      6%         N/A       92%         4
 Iskenderun's Mystic Bla  Conj/Tloc      3%         2d3       92%         4
 Excruciating Wounds      Necr           1%         N/A       99%         5
 Summon Forest            Summ/Tloc      1%         N/A       99%         5
 Eringya's Noxious Bog    Tmut/Pois      12%        N/A       98%         6
 Iron Shot                Conj/Erth      1%         9d1       100%        6
 Starburst                Conj/Fire      1%         6d3       100%        6
 Summon Hydra             Summ           1%         N/A       100%        7

Inventory:

Missiles
 e - 306 stones (quivered) {throwing}
 l - 29 poisoned darts {throwing}
 G - 7 boomerangs {throwing}
 J - 3 silver javelins {throwing}
 R - a curare-tipped dart {=fthrowing}
Armour
 b - a +0 cloak (melded)
   (You took it off Maurice on level 9 of the Dungeon)
 h - a +2 robe of willpower (melded)
   (You took it off Jessica on level 3 of the Dungeon)
 B - a +1 pair of gloves (melded)
   (You found it on level 2 of the Dungeon)
 E - a +0 pair of boots (melded)
   (You found it on level 2 of the Dungeon)
Jewellery
 a - an amulet of the acrobat (around neck)
   (You found it on level 9 of the Dungeon)
 d - a +4 ring of protection (right front leg)
   (You found it on level 8 of the Dungeon)
 f - a ring of protection from fire
   (You found it on level 9 of the Dungeon)
 C - a +4 ring of protection (left front leg)
   (You found it on level 2 of the Dungeon)
 U - a +6 ring of intelligence
   (You found it on level 6 of the Dungeon)
Wands
 c - a wand of flame (25)
   (You found it on level 8 of the Dungeon)
 p - a wand of charming (9)
   (You found it on level 6 of the Dungeon)
 K - a wand of acid (11)
   (You found it on level 3 of the Dungeon)
 M - a wand of iceblast (10)
   (You found it on level 4 of the Dungeon)
 S - a wand of polymorph (2)
   (You found it on level 6 of the Dungeon)
 Z - a wand of paralysis (9)
   (You found it on level 8 of the Dungeon)
Scrolls
 g - 3 scrolls of blinking {!r}
 k - 2 scrolls of immolation {!r!r}
 s - 5 scrolls of teleportation {@r4}
 x - 2 scrolls of amnesia
 z - a scroll of enchant armour
 D - 5 scrolls of magic mapping {!r}
 V - 2 scrolls of noise {!r}
 W - 2 scrolls of torment {!r}
Potions
 j - a potion of lignification {!q}
 r - a potion of invisibility
 v - 2 potions of haste {forbidden@q3}
 w - a potion of brilliance
 F - a potion of magic
 H - 5 potions of flight
 I - 3 potions of curing {@q1}
Miscellaneous
 i - a lightning rod (4/4)
   (You found it on level 9 of the Dungeon)

Dungeon Overview and Level Annotations

Branches:
Dungeon (9/15)             Temple (0/1) D:6
   Lair: D:8-11         Orc: D:9-12

Altars:
Ashenzari
Cheibriados
Fedhas
Kikubaaqudgha
Makhleb
Nemelex Xobeh
Uskayaw
Vehumet

Shops:
D:1 *

Annotations:
D:5 3 runed translucent doors, spaghetti's ghost, weakling DgDe
D:9 1 exclusion

********* ,,,,,,,,* ,,,,,,,,*
*****,,,* ,,,,**,,*
,,*,,*,,*########################
,,*_,*,,,......3)................
,,*,,*,,,......Ks................
,,*,⌠*,,,........................
++****,,,........................
,,*8,,,,,........................
,,,+,,,,,........................
***8,,,*,..##########...#########
,,,,,,,,,.,,,,,,,,,,.....,,,,,#..
*,,,,,,,,,,,,,,,,,,,,,..,,,,,,#..
*,,,,,,,,,,,,,,,,,,,,,,,,,,,,,#..


You could see a sun demon (summoned) and a kobold demonologist (very poisoned).


Message History

The kobold demonologist looks braver for a moment.
A kobold demonologist comes into view. It is wielding a +0 dagger.
The kobold demonologist looks satisfied for a moment.
The kobold misses you.
You bite the kobold!
You feel a bit better.
You kill the kobold!
Cheibriados appreciates the change of pace.
The kobold demonologist gestures wildly while chanting.
The kobold demonologist mumbles some strange words. 😨 HP[+2]
You regained 2 hp, and now have 37/87 hp.
You bite the kobold!
You feel a bit better.
You kill the kobold!
Cheibriados thoroughly appreciates the change of pace. 😨 HP[+1]
You bite the kobold!
You feel a bit better.
You kill the kobold!
Cheibriados appreciates the change of pace.
The kobold demonologist casts a spell. 😨 HP[+1] MP[+1]
You bite the kobold!
You feel a bit better.
You kill the kobold!
Cheibriados appreciates the change of pace.
The neqoxec gestures at you.
You feel dopey. Something feeds on your intellect!
The kobold demonologist gestures wildly while chanting. 😨 HP[+1]
The sixfirhy closely misses you. The sixfirhy completely misses you.
The sixfirhy hits you. The sixfirhy shocks you!
* * * LOW HITPOINT WARNING * * *
The sixfirhy completely misses you. x2; The neqoxec completely misses you.
The kobold demonologist completely misses you.
The white imp gestures at you. The puff of frost hits you.
* * * LOW HITPOINT WARNING * * *
The kobold demonologist barely misses you.
The neqoxec completely misses you.
Things that are here:
a +0 short sword {short}; a kobold corpse 😨 HP[-9]
You take 9 damage, and now have 31/87 hp.
Unknown command.
You hit the kobold demonologist but do no damage.
The kobold demonologist is poisoned.
The white imp gestures at you.
The puff of frost hits you but does no damage.
The kobold demonologist hits you with a +0 dagger.
* * * LOW HITPOINT WARNING * * *
The neqoxec completely misses you.
The sun demon completely misses you. 😨 HP[-1]
You take 1 damage, and now have 30/87 hp.
Unknown command.
You hit the kobold demonologist.
The kobold demonologist looks as sick as possible!
The sun demon closely misses you. The neqoxec completely misses you.
The kobold demonologist hits you with a +0 dagger.
Okay, then.
You warp the flow of time around you! 😨 MP[-4]
You lost 4 mp, and now have 8/16 mp.
Unknown command.
You bite the kobold demonologist!
The kobold demonologist looks as sick as possible!
Your transformation is almost over.
The sixfirhy disappears in a puff of smoke!
The white imp barely misses you.
Unknown command.
Unknown command.
You bite the kobold demonologist!
The kobold demonologist looks as sick as possible!
You feel a bit better.
You kill the kobold demonologist!
Cheibriados thoroughly appreciates the change of pace.
The neqoxec disappears in a puff of smoke!
The white imp disappears in a puff of smoke!
The kobold demonologist completely misses you. 😨 HP[+3]
You regained 3 hp, and now have 33/87 hp.
You hit the kobold demonologist.
The kobold demonologist is poisoned.
The kobold demonologist closely misses you.
The sun demon misses you. 😨 MP[+1]
You bite the kobold demonologist!
The kobold demonologist looks as sick as possible!
The kobold demonologist barely misses you.
The sun demon hits you!
* * * LOW HITPOINT WARNING * * *
You are engulfed in flames!!
* * * LOW HITPOINT WARNING * * *
😱 HP[-23]
You take 23 damage, and now have 10/87 hp.
MASSIVE DAMAGE!! (PAUSE)
You warp the flow of time around you! 😱 MP[-4]
You lost 4 mp, and now have 5/16 mp.
You barely miss the kobold demonologist.
The kobold demonologist completely misses you.
The sun demon hits you!!
You die...

Skill      XL: |  1  2  3  4  5  6  7  8  9 10 |
---------------+-------------------------------+-----
Transmutations | 2 3 4 5 6 7 |  7.4
Unarmed Combat | 3 4 5 6 7 |  7.3
Fighting       | 1 2 3 4 |  4.5
Dodging        | 3 4 5 6 |  6.1
Poison Magic   | 1 2 3 |  3.7
Invocations    | 1 3 5 7 8 |  8.2
Spellcasting   | 2 3 |  3.0
Ice Magic      | 1 |  1.2

Action                   |  1- 3 |  4- 6 |  7- 9 | 10-12 || total
-------------------------+-------+-------+-------+-------++-------
Melee: Unarmed           |    94 |   109 |   294 |    40 ||   537
       Kick              |    22 |     2 |     3 |       ||    27
       Headbutt          |     8 |     1 |       |       ||     9
       Punch             |     2 |     1 |     1 |     1 ||     5
Throw: Stone             |    18 |     9 |       |     1 ||    28
 Cast: Beastly Appendage |    22 |     4 |     4 |       ||    30
       Wereblood         |    18 |    22 |    39 |     5 ||    84
       Spider Form       |       |    14 |    38 |     1 ||    53
       Ice Form          |       |       |     5 |     3 ||     8
Invok: Temporal Distorti |       |       |     2 |     6 ||     8
       Slouch            |       |       |       |     2 ||     2
       Step From Time    |       |       |       |     1 ||     1
Evoke: Wand              |       |       |       |     1 ||     1
  Use: Potion            |       |     2 |       |    13 ||    15
       Scroll            |       |       |     4 |     9 ||    13
 Stab: Sleeping          |     1 |     1 |       |       ||     2
Armor: Robe              |    13 |    17 |    20 |     4 ||    54
       Skin              |       |     6 |    60 |    15 ||    81
Dodge: Dodged            |    49 |    97 |   337 |    38 ||   521

Levels and vault maps discovered:
D:1:      minmay_arrival_radiant_lines, layout_basic, serial_corexii_hall,
          chequers_hall_statues_y, chequers_hall_statues_y,
          corexii_hall_statues_i, corexii_hall_statues_u,
          shapermc_ecumenical_altar_mp_vishouse, serial_shops,
          nicolae_shop_trees
D:2:      layout_basic, chequers_big_river,
          nicolae_concentric_dashed_squares_mild, lightli_corner_chamber,
          uniq_natasha
D:3:      layout_basic, bloody_makhleb, minmay_misc_feat_x, uniq_grinder,
          uniq_jessica, uniq_sigmund, uniq_robin
D:4:      layout_loops_ring, uniq_eustachio
D:5:      layout_loops_corners, mainiacjoe_overflow_six_doors_small,
          mainiacjoe_overflow_alcove_3, gammafunk_ghost_nasty_kobolds
D:6:      layout_gridville, minmay_temple_entry_drinking_statues
D:7:      layout_loops_ring, enter_bailey_6, uniq_prince_ribbit1
D:8:      layout_loops_ring, dancing_weapons_uskayaw
D:9:      layout_grid_maze, jmf_multi_god_temple2, kennysheep_island_fort,
          uniq_maurice

Notes
Turn   | Place    | Note
-------+----------+-------------------------------------------
     0 | D:1      | spaghetti the Deep Dwarf Transmuter began the quest for the
                  | Orb.
     0 | D:1      | Reached XP level 1. HP: 16/16 MP: 3/3
     0 | D:1      | magus.rc [v1.9.6]
    21 | D:1      | Reached skill level 2 in Transmutations
   118 | D:1      | Found Xanliate's General Store.
   134 | D:1      | Reached XP level 2. HP: 21/24 MP: 2/4
   139 | D:1      | Learned a level 2 spell: Wereblood
   391 | D:1      | Found a faded altar of an unknown god.
   560 | D:1      | Prayed at the altar of an unknown god.
   560 | D:1      | Became a worshipper of Cheibriados the Contemplative
   560 | D:1      | Reached * piety under Cheibriados
  1373 | D:1      | Reached skill level 3 in Transmutations
  1465 | D:2      | Reached XP level 3. HP: 30/30 MP: 1/5
  1571 | D:2      | Noticed a black bear
  1636 | D:2      | Noticed Natasha
  1649 | D:2      | Killed Natasha
  1649 | D:2      | Reached ** piety under Cheibriados
  1650 | D:2      | Reached skill level 3 in Unarmed Combat
  1893 | D:2      | Noticed Natasha
  1901 | D:2      | Killed Natasha
  1902 | D:2      | Reached XP level 4. HP: 32/37 MP: 2/6
  2069 | D:2      | Noticed Natasha
  2212 | D:2      | Reached skill level 1 in Fighting
  2384 | D:2      | Learned a level 3 spell: Spider Form
  2684 | D:2      | Killed Natasha
  2685 | D:2      | Reached skill level 3 in Dodging
  2685 | D:2      | Reached skill level 1 in Poison Magic
  2685 | D:2      | Reached XP level 5. HP: 35/44 MP: 2/7
  2934 | D:3      | Noticed Grinder
  2953 | D:3      | Killed Grinder
  2954 | D:3      | Reached skill level 4 in Transmutations
  2954 | D:3      | Reached XP level 6. HP: 48/52 MP: 0/8
  3135 | D:3      | Noticed an ice beast
  3142 | D:3      | Killed an ice beast
  3143 | D:3      | Reached skill level 2 in Fighting
  3143 | D:3      | Reached skill level 4 in Unarmed Combat
  3293 | D:3      | Found a burning altar of Makhleb.
  3389 | D:3      | Noticed Jessica
  3397 | D:3      | Killed Jessica
  3448 | D:3      | Reached *** piety under Cheibriados
  3473 | D:3      | Noticed Robin
  3483 | D:3      | Killed Robin
  3723 | D:3      | Noticed Sigmund
  3740 | D:3      | Killed Sigmund
  3741 | D:3      | Reached skill level 2 in Poison Magic
  3741 | D:3      | Reached skill level 1 in Invocations
  3741 | D:3      | Reached XP level 7. HP: 40/60 MP: 5/9
  4123 | D:3      | You pick up a book of Dreams and begin reading...
  4123 | D:3      | You add the spells Ensorcelled Hibernation and Anguish to
                  | your library.
  4484 | D:3      | You pick up a book of Spectacle and begin reading...
  4484 | D:3      | You add the spells Dazzling Flash, Iskenderun's Mystic
                  | Blast and Starburst to your library.
  4639 | D:4      | Reached skill level 2 in Invocations
  4871 | D:4      | Noticed Eustachio
  4894 | D:4      | Killed Eustachio
  4895 | D:4      | Reached skill level 4 in Dodging
  4906 | D:4      | You pick up a book of Rime and begin reading...
  4906 | D:4      | You add the spells Frozen Ramparts and Summon Ice Beast to
                  | your library.
  4917 | D:4      | You add the spells Summon Forest, Eringya's Noxious Bog and
                  | Summon Hydra to your library.
  5181 | D:4      | Reached skill level 5 in Transmutations
  5181 | D:4      | Reached skill level 3 in Invocations
  5405 | D:5      | Entered Level 5 of the Dungeon
  5524 | D:5      | Reached XP level 8. HP: 57/68 MP: 2/10
  5528 | D:5      | Reached **** piety under Cheibriados
  5911 | D:5      | Found a runed translucent gate.
  5911 | D:5      | Found a runed translucent gate.
  5911 | D:5      | Found a runed translucent gate.
  5911 | D:5      | Noticed spaghetti's ghost (weakling DgDe)
  6040 | D:5      | Found a blossoming altar of Fedhas.
  6058 | D:5      | Reached skill level 5 in Unarmed Combat
  6186 | D:5      | Found a broken altar of Ashenzari.
  6199 | D:5      | Found a radiant altar of Vehumet.
  6201 | D:5      | Found an ancient bone altar of Kikubaaqudgha.
  6202 | D:5      | Found a sparkling altar of Nemelex Xobeh.
  6606 | D:6      | Reached skill level 4 in Invocations
  6666 | D:6      | Found a staircase to the Ecumenical Temple.
  6774 | D:6      | Reached skill level 3 in Fighting
  6994 | D:6      | Learned a level 4 spell: Ice Form
  7062 | D:6      | Reached skill level 2 in Spellcasting
  7175 | D:6      | Reached skill level 5 in Invocations
  7515 | D:7      | Found a flagged portal.
  7566 | D:7      | Reached skill level 5 in Dodging
  7566 | D:7      | Gained mutation: You passively map the area around you.
                  | [Deep Dwarf growth]
  7566 | D:7      | Reached XP level 9. HP: 75/76 MP: 7/12
  7733 | D:7      | Reached skill level 6 in Transmutations
  7890 | D:7      | Reached skill level 3 in Poison Magic
  7947 | D:7      | Reached skill level 6 in Unarmed Combat
  8047 | D:7      | Noticed Prince Ribbit
  8067 | D:7      | Killed Prince Ribbit
  8068 | D:7      | Reached skill level 6 in Invocations
  8233 | D:7      | You pick up a book of Weapons and begin reading...
  8233 | D:7      | You add the spells Portal Projectile, Excruciating Wounds
                  | and Blade Hands to your library.
  8814 | D:8      | Reached ***** piety under Cheibriados
  8973 | D:8      | Reached skill level 4 in Fighting
  8979 | D:8      | Reached skill level 7 in Invocations
  8981 | D:8      | Reached skill level 3 in Spellcasting
  9177 | D:8      | Noticed a +0 dagger
  9177 | D:8      | Noticed a +0 hand axe
  9181 | D:8      | Found a hide-covered altar of Uskayaw.
  9297 | D:8      | Reached XP level 10. HP: 48/85 MP: 10/15
  9478 | D:8      | Reached skill level 7 in Transmutations
  9626 | D:9      | Reached skill level 7 in Unarmed Combat
  9689 | D:9      | Noticed a cyclops
  9973 | D:9      | HP: 25/103 [orc wizard/magic dart (6)]
  9978 | D:9      | HP: 20/103 [orc warrior/+0 trident (2)]
  9982 | D:9      | Reached skill level 6 in Dodging
 10168 | D:9      | Gained mutation: You are dopey. (Int -2) [potion of
                  | mutation]
 10168 | D:9      | Gained mutation: Your system is resistant to poisons.
                  | (rPois) [potion of mutation]
 10168 | D:9      | Gained mutation: You are weak. (Str -2) [potion of
                  | mutation]
 10168 | D:9      | Gained mutation: You are partially covered in iridescent
                  | scales. (AC +2) [potion of mutation]
 10182 | D:9      | Noticed Maurice
 10190 | D:9      | Killed Maurice
 10191 | D:9      | Reached skill level 1 in Ice Magic
 10191 | D:9      | Reached skill level 8 in Invocations
 10543 | D:9      | You pick up a book of Iron and begin reading...
 10543 | D:9      | You add the spells Animate Armour and Iron Shot to your
                  | library.
 10651 | D:9      | Noticed a sun demon
 10654 | D:9      | Noticed a sixfirhy
 10660 | D:9      | HP: 10/87 [sun demon[a kobold demonologist] (17)]
 10661 | D:9      | Mangled by a sun demon

Vanquished Creatures
  Maurice (D:9)
  A kobold demonologist (D:9)
  A hornet (D:9)
  Prince Ribbit (D:7)
  Grinder (D:3)
  Sigmund (D:3)
  2 wyverns (D:8)
  A wraith (D:9)
  Eustachio (D:4)
  2 steam dragons
  3 yaks (D:8)
  A water moccasin (D:7)
  A sky beast (D:7)
  2 ice beasts
  An orc warrior (D:9)
  2 ogres
  2 centaurs
  2 phantoms
  3 kobold brigands
  3 bullfrogs (D:7)
  A scorpion (D:6)
  5 killer bees (D:8)
  9 wights
  5 howler monkeys
  A jelly (D:4)
  2 hounds (D:7)
  2 orc priests (D:5)
  Jessica (D:3)
  3 iguanas
  Natasha (thrice) (D:2)
  3 orc wizards
  Robin (D:3)
  4 adders
  4 gnolls (D:8)
  A shadow imp (D:5)
  6 worms
  3 dart slugs
  23 orcs
  5 bats
  7 endoplasms
  4 giant cockroaches
  16 goblins
  7 hobgoblins
  3 jackals (D:2)
  3 quokkas
  5 ball pythons
  3 frilled lizards
  24 kobolds
  5 rats
191 creatures vanquished.

Vanquished Creatures (others)
  2 fungi (D:5)
  9 plants
11 creatures vanquished.

Grand Total: 202 creatures vanquished

Table legend:
 A = Non-vault XP
 B = Vault XP
 C = Vault XP percentage of total XP
 D = Non-vault monster count
 E = Vault monster count
 F = Vault count percentage of total count
                 A         B        C        D         E       F
            +---------+---------+-------+---------+---------+-------
      Total |    6069 |    1828 |  23.1 |     171 |      20 |  10.5
            +---------+---------+-------+---------+---------+-------
        D:1 |      38 |       0 |   0.0 |      23 |       0 |   0.0
        D:2 |     138 |      35 |  20.2 |      23 |       1 |   4.2
        D:3 |     173 |     571 |  76.7 |      15 |      15 |  50.0
        D:4 |     190 |     197 |  50.9 |      10 |       1 |   9.1
        D:5 |     394 |       0 |   0.0 |      20 |       0 |   0.0
        D:6 |     795 |       0 |   0.0 |      16 |       0 |   0.0
        D:7 |    1176 |     274 |  18.9 |      25 |       1 |   3.8
        D:8 |    2256 |       0 |   0.0 |      26 |       0 |   0.0
        D:9 |     909 |     751 |  45.2 |      13 |       2 |  13.3
            +---------+---------+-------+---------+---------+-------

Illustrated notes

Table legend:
 A = Kills in this place as a percentage of kills in entire the game.
 B = Kills by you in this place as a percentage of kills by you in the entire game.
 C = Kills by friends in this place as a percentage of kills by friends in the entire game.
 D = Other kills in this place as a percentage of other kills in the entire game.
 E = Experience gained in this place as a percentage of experience gained in the entire game.
 F = Experience gained in this place divided by the number of levels of this place that you have seen.
                   A       B       C       D       E      F
               +-------+-------+-------+-------+-------+----------------------
         Total | 100.0 | 100.0 |   N/A |   N/A | 100.0 | 877.4
       Dungeon | 100.0 | 100.0 |   N/A |   N/A | 100.0 | 877.4
               +-------+-------+-------+-------+-------+----------------------

Table legend: (Time is in decaauts)
 A = Elapsed time spent in this place.
 B = Non-inter-level travel time spent in this place.
 C = Inter-level travel time spent in this place.
 D = Time resting spent in this place.
 E = Time spent auto-exploring this place.
 F = Levels seen in this place.
 G = Mean time per level.
                   A        B        C        D        E       F      G
               +--------+--------+--------+--------+--------+-----+--------+
         Total |  14274 |  13823 |    451 |   1298 |  10734 |   9 | 1586.0 |
       Dungeon |  14274 |  13823 |    451 |   1298 |  10734 |   9 | 1586.0 |
               +--------+--------+--------+--------+--------+-----+--------+

Top non-repeatable levels by time:
     D:3: 2277 daAuts
     D:1: 1754 daAuts
     D:5: 1735 daAuts
     D:2: 1660 daAuts
     D:8: 1632 daAuts
     D:7: 1530 daAuts
     D:9: 1345 daAuts
     D:4: 1223 daAuts
     D:6: 1115 daAuts
